 Dungeon Crawl Stone Soup version 0.21.1-1-g345015fe64 (webtiles) character file.

4610 DildoBatman the Stinger (level 10, -6/74 HPs)
             Began as a Formicid Wizard on May 2, 2018.
             Was an Elder of Sif Muna.
             Mangled by a two-headed ogre
             ... wielding a +0 dire flail
              (15 damage)
             ... on level 8 of the Dungeon.
             The game lasted 00:44:18 (9908 turns).

DildoBatman the Stinger (Formicid Wizard)           Turns: 9908, Time: 00:44:19

Health: -6/74      AC:  6    Str: 12    XL:     10   Next: 69%
Magic:  7/16       EV: 12    Int: 21    God:    Sif Muna [****..]
Gold:   387        SH:  0    Dex: 13    Spells: 4/17 levels left

rFire    . . .     SeeInvis +   a - +8 war axe (freeze)
rCold    . . .     Gourm    .   (no shield)
rNeg     . . .     Faith    .   P - +0 leather armour of Ediabbud {MR+ Dex+4} (curse)
rPois    .         Spirit   .   (helmet unavailable)
rElec    .         Reflect  .   y - +0 cloak
rCorr    .         Harm     .   (no gloves)
MR       ++...                  j - +0 pair of boots
Stlth    ++........             (no amulet)
HPRegen  0.22/turn              x - ring of flight
MPRegen  0.15/turn              O - ring of loudness (curse)

@: divine energy
A: permanent stasis, dig shafts and tunnels, four strong arms, antennae 3
a: Dig, Shaft Self, Stop Divine Energy, Channel Magic, Forget Spell, Renounce
Religion, Evoke Flight


You were on level 8 of the Dungeon.
You worshipped Sif Muna.
Sif Muna was greatly pleased with you.
You were hungry.

You visited 2 branches of the dungeon, and saw 10 of its levels.

You collected 387 gold pieces.

Inventory:

Hand Weapons
 a - a +8 war axe of freezing (weapon)
 b - the +7 dagger "Cawkufu" {drain, Str+3 Int-3 Dex+2}
   (You found it on level 8 of the Dungeon)

   A truly terrible weapon, it drains the life of those it strikes.
   It affects your strength (+3).
   It affects your intelligence (-3).
   It affects your dexterity (+2).
 c - a +0 shortbow
 e - a +5 spear of piercing
Missiles
 g - 23 tomahawks
 i - 170 arrows
 u - 29 poisoned needles
 D - 36 bolts
 I - 28 sling bullets
 N - 325 stones (quivered)
 X - 3 poisoned tomahawks
Armour
 f - a +3 plate armour
 j - a +0 pair of boots (worn)
 w - a +0 shield
 y - a +0 cloak (worn)
 P - the cursed +0 leather armour of Ediabbud (worn) {MR+ Dex+4}
   (You found it on level 6 of the Dungeon)

   It affects your dexterity (+4).
   It affects your resistance to hostile enchantments.
   It has a curse placed upon it.
Jewellery
 x - a ring of flight (left hand)
 O - a cursed ring of loudness (right hand)
Wands
 A - a wand of paralysis (9)
 Q - a wand of polymorph (18)
 S - a wand of iceblast (9)
Scrolls
 l - 2 scrolls of enchant weapon
 m - 2 scrolls of fog
 q - a scroll of immolation {unknown}
 r - a scroll of remove curse {unknown}
 t - 4 scrolls of identify
 z - 2 scrolls of noise {unknown}
 G - 2 scrolls of magic mapping {unknown}
 M - a scroll of blinking {unknown}
 T - a scroll of amnesia {unknown}
 U - 3 scrolls of enchant armour {unknown}
 V - a scroll of silence {unknown}
Potions
 d - 2 potions of haste
 k - a potion of magic {unknown}
 n - a potion of lignification {unknown}
 o - 2 potions of brilliance {unknown}
 p - a potion of curing {unknown}
 s - 2 potions of berserk rage {unknown}
 E - a potion of ambrosia {unknown}
 F - 2 potions of resistance {unknown}
 H - 2 potions of flight {unknown}
 J - 2 potions of invisibility {unknown}
 L - 2 potions of heal wounds
 R - a potion of degeneration {unknown}
Books
 h - a book of Air

   Spells                             Type                      Level
   a - Shock                          Conjuration/Air              1
   b - Swiftness                      Charms/Air                   2
   c - Static Discharge               Conjuration/Air              3
   d - Airstrike                      Air                          4
   e - Lightning Bolt                 Conjuration/Air              5
 B - a book of Minor Magic

   Spells                             Type                      Level
   a - Magic Dart                     Conjuration                  1
   b - Blink                          Translocation                2
   c - Call Imp                       Summoning                    2
   d - Slow                           Hexes                        2
   e - Conjure Flame                  Conjuration/Fire             3
   f - Mephitic Cloud                 Conjuration/Poison/Air       3
 K - Sif Muna's Magic for Beginners
   (You found it on level 5 of the Dungeon)

   Spells                             Type                      Level
   a - Infusion                       Charms                       1
   b - Flame Tongue                   Conjuration/Fire             1
   c - Sandblast                      Earth                        1
   d - Animate Skeleton               Necromancy                   1
   e - Apportation                    Translocation                1
 W - a book of Necromancy

   Spells                             Type                      Level
   a - Pain                           Necromancy                   1
   b - Animate Skeleton               Necromancy                   1
   c - Vampiric Draining              Necromancy                   3
   d - Regeneration                   Charms/Necromancy            3
   e - Animate Dead                   Necromancy                   4
   f - Borgnjor's Vile Clutch         Necromancy/Earth             5
Comestibles
 v - 12 rations


   Skills:
 * Level 5.4 Fighting
 * Level 3.8(3.9) Axes
   Level 1.0(2.6) Maces & Flails
   Level 0.6(1.0) Staves
 * Level 4.5 Armour
 * Level 2.7 Dodging
 * Level 4.9 Stealth
 * Level 4.4 Spellcasting
 * Level 3.4 Conjurations
 * Level 6.4 Hexes
 * Level 2.7 Charms
 - Level 1.0 Summonings
 * Level 2.8 Necromancy
   Level 0.8 Translocations
 * Level 2.5 Air Magic
 * Level 7.3 Poison Magic
 - Level 5.0 Evocations


You had 4 spell levels left.
You knew the following spells:

 Your Spells              Type           Power        Failure   Level  Hunger
a - Slow                  Hex            ####....     1%          2    #......
c - Magic Dart            Conj           ###.         3%          1    None
d - Regeneration          Chrm/Necr      ###.......   14%         3    ##.....
e - Mephitic Cloud        Conj/Pois/Air  ###.....     7%          3    ##.....
f - Call Imp              Summ           #.......     14%         2    #......
h - Swiftness             Chrm/Air       ###.....     8%          2    #......


Dungeon Overview and Level Annotations

Branches:
Dungeon (9/15)             Temple (1/1) D:5             Orc (0/2) D:9
   Lair: D:8-11

Altars:
Ashenzari
Cheibriados
Dithmenos
Elyvilon
Fedhas
Gozag
Hepliaklqana
Kikubaaqudgha
Makhleb
Nemelex Xobeh
Okawaru
Qazlal
Ru
Sif Muna
Trog
Uskayaw
Vehumet
Wu Jian
Xom
Yredelemnul
Zin
The Shining One

Shops:
D:9 [

Annotations:
D:2 exclusion: dancing weapon
D:3 exclusion: moth of wrath
D:8 Grum


Innate Abilities, Weirdness & Mutations

You cannot be hasted, slowed, berserked, paralysed or teleported.
You can dig through walls and to a lower floor.
Your four strong arms can wield two-handed weapons with a shield.
You have a pair of large antennae on your head. (SInv)


Message History

There is a stone staircase leading down, spattered with blood here.
Casting: Mephitic Cloud
Confirm with . or Enter, or press ? or * to list all spells.
Aiming: Slow
Press: ? - help, Shift-Dir - straight line, f/p - two-headed ogre
Aim: a two-headed ogre, wielding a dire flail and a giant spiked club (chance to defeat MR: 53%)
The two-headed ogre resists with significant effort.
The two-headed ogre hits you with a dire flail!
The two-headed ogre closely misses you.
Casting: Slow
Confirm with . or Enter, or press ? or * to list all spells.
Aiming: Slow
Press: ? - help, Shift-Dir - straight line, f/p - two-headed ogre
Aim: a two-headed ogre, wielding a dire flail and a giant spiked club (chance to defeat MR: 53%)
The two-headed ogre resists with significant effort.
The two-headed ogre hits you with a dire flail!
The two-headed ogre barely misses you.
The two-headed ogre hits you with a dire flail!
The two-headed ogre hits you with a giant spiked club!
You die...

#.#.#......#
#.#.#.#.##.#
########.#.###.##.#
.........#.....##.#
##.#####.########.#
#.# #.# #.# #.# #.#
#.# ##.#
#.########O# ...#
#........@.# ####
##########.# #.#
#.# #.# #.# ###


You could see a two-headed ogre.

Vanquished Creatures
  Grinder (D:6)
  2 hippogriffs (D:8)
  A phantom (D:7)
  A sky beast (D:8)
  2 black bears
  3 orc warriors
  An ogre (D:5)
  3 wolves (D:8)
  2 centaurs
  A crocodile (D:8)
  2 big kobolds (D:7)
  Blork the orc (D:6)
  8 bullfrogs
  A gnoll sergeant (D:7)
  2 scorpions (D:6)
  14 killer bees
  3 wights
  A howler monkey (D:6)
  6 crimson imps
  4 hounds
  3 jellies
  A centaur skeleton (D:9)
  6 orc priests
  5 orc wizards
  A bullfrog skeleton (D:9)
  An iguana (D:6)
  8 worker ants
  A hound zombie (D:5)
  A howler monkey skeleton (D:8)
  7 adders
  3 gnolls (D:7)
  An ooze (D:4)
  An adder zombie (D:7)
  3 worms (D:3)
  3 dart slugs
  2 leopard geckos
  33 orcs
  5 bats
  4 giant cockroaches
  8 goblins
  6 hobgoblins
  8 jackals
  6 quokkas
  3 ball pythons
  3 frilled lizards
  10 kobolds
  A leopard gecko skeleton (D:5)
  4 rats
197 creatures vanquished.

Notes
Turn   | Place    | Note
-------+----------+-------------------------------------------
     0 | D:1      | DildoBatman the Formicid Wizard began the quest for the Orb.
     0 | D:1      | Reached XP level 1. HP: 13/13 MP: 4/4
    24 | D:1      | Reached skill level 1 in Conjurations
   127 | D:1      | Reached skill level 1 in Fighting
   127 | D:1      | Reached XP level 2. HP: 21/21 MP: 0/6
   760 | D:2      | Noticed a hand axe
   760 | D:2      | Noticed a hand axe
   761 | D:2      | Found a hide-covered altar of Uskayaw.
   818 | D:2      | Reached XP level 3. HP: 26/27 MP: 0/7
   862 | D:2      | Reached skill level 1 in Maces & Flails
  1685 | D:2      | Found a faded altar of an unknown god.
  1906 | D:3      | Reached XP level 4. HP: 33/33 MP: 3/8
  1968 | D:3      | Found a shattered altar of Ashenzari.
  1971 | D:3      | Found a radiant altar of Vehumet.
  1974 | D:3      | Found an opulent altar of Gozag.
  2160 | D:3      | Found a shimmering altar of Xom.
  2161 | D:3      | Found a shimmering altar of Xom.
  2162 | D:3      | Found a shimmering altar of Xom.
  2162 | D:3      | Found a shimmering altar of Xom.
  2740 | D:3      | Noticed a moth of wrath
  2743 | D:3      | Found a bloodstained altar of Trog.
  2973 | D:4      | Reached XP level 5. HP: 40/41 MP: 4/9
  2981 | D:4      | Found a sacrificial altar of Ru.
  3169 | D:4      | Reached skill level 1 in Armour
  3253 | D:4      | Found a shadowy altar of Dithmenos.
  3424 | D:4      | Reached XP level 6. HP: 43/47 MP: 6/10
  3731 | D:4      | Learned a level 2 spell: Call Imp
  3734 | D:4      | Learned a level 2 spell: Slow
  3738 | D:4      | Learned a level 3 spell: Mephitic Cloud
  3739 | D:5      | Entered Level 5 of the Dungeon
  3756 | D:5      | Identified Sif Muna's Magic for Beginners
  3782 | D:5      | Found a sacrificial altar of Ru.
  3855 | D:5      | Found a staircase to the Ecumenical Temple.
  3861 | Temple   | Entered the Ecumenical Temple
  4154 | Temple   | Became a worshipper of Sif Muna the Loreminder
  4394 | D:5      | Noticed an ogre
  4454 | D:5      | Killed an ogre
  4454 | D:5      | Reached skill level 1 in Hexes
  4454 | D:5      | Reached skill level 1 in Poison Magic
  4676 | D:5      | Reached skill level 1 in Evocations
  4676 | D:5      | Reached XP level 7. HP: 15/52 MP: 9/11
  4923 | D:5      | Found an iron altar of Okawaru.
  5139 | D:5      | Reached skill level 1 in Air Magic
  5279 | D:5      | Reached skill level 2 in Poison Magic
  5658 | D:6      | Reached skill level 3 in Poison Magic
  5664 | D:6      | Noticed Grinder
  5743 | D:6      | Reached XP level 8. HP: 52/60 MP: 9/12
  5774 | D:6      | Reached * piety under Sif Muna
  5914 | D:6      | Reached skill level 4 in Poison Magic
  5926 | D:6      | Got a faintly humming leather armour
  6030 | D:6      | Identified the cursed +0 leather armour of Ediabbud {MR+ Dex+4} (You found it on level 6 of the Dungeon)
  6131 | D:6      | Killed Grinder
  6159 | D:6      | Learned a level 3 spell: Regeneration
  6388 | D:6      | Learned a level 2 spell: Swiftness
  6519 | D:6      | Noticed Blork the orc
  6647 | D:5      | Reached skill level 5 in Poison Magic
  6686 | D:6      | Killed Blork the orc
  6686 | D:6      | Reached ** piety under Sif Muna
  6686 | D:6      | Reached XP level 9. HP: 54/67 MP: 7/15
  6703 | D:6      | Reached skill level 1 in Necromancy
  6892 | D:7      | Reached skill level 1 in Charms
  6974 | D:7      | Reached skill level 5 in Fighting
  7182 | D:7      | Reached skill level 1 in Axes
  7432 | D:7      | Reached skill level 5 in Hexes
  7447 | D:7      | Found a basalt altar of Yredelemnul.
  7855 | D:7      | Reached skill level 6 in Poison Magic
  8123 | D:8      | Reached *** piety under Sif Muna
  8177 | D:8      | Got an encrusted dagger
  8220 | D:8      | Reached XP level 10. HP: 67/74 MP: 8/16
  8260 | D:8      | Reached skill level 5 in Evocations
  8610 | D:8      | Reached skill level 7 in Poison Magic
  9223 | D:8      | Identified the +7 dagger "Cawkufu" {drain, Str+3 Int-3 Dex+2} (You found it on level 8 of the Dungeon)
  9274 | D:9      | Found a staircase to the Orcish Mines.
  9274 | D:9      | Found Sunedgh's Armour Emporium.
  9582 | D:9      | Noticed a two-headed ogre
  9616 | D:9      | Noticed Grum
  9687 | D:8      | Reached **** piety under Sif Muna
  9908 | D:8      | Mangled by a two-headed ogre

Skill      XL: |  1  2  3  4  5  6  7  8  9 10 |
---------------+-------------------------------+-----
Conjurations   | 1 2 3 |  3.4
Fighting       | 1 2 3 4 5 |  5.4
Maces & Flails | 1 |  1.0
Armour         | 2 3 4 |  4.5
Dodging        | 2 |  2.7
Stealth        | 3 4 |  4.9
Hexes          | 1 3 4 5 6 |  6.4
Poison Magic   | 1 3 5 6 7 |  7.3
Evocations     | 1 2 3 4 5 |  5.0
Air Magic      | 1 2 |  2.5
Spellcasting   | 4 |  4.4
Necromancy     | 2 |  2.8
Charms         | 2 |  2.7
Axes           | 3 |  3.8
Staves         | |  0.6
Summonings     | |  1.0
Translocations | |  0.8

Action                   |  1- 3 |  4- 6 |  7- 9 | 10-12 || total
-------------------------+-------+-------+-------+-------++-------
Melee: Mace              |    25 |       |       |       ||    25
       Unarmed           |     1 |       |       |       ||     1
       Quarterstaff      |    24 |    91 |   107 |       ||   222
       Dagger            |       |    23 |       |       ||    23
       Hand axe          |       |    11 |    94 |       ||   105
       War axe           |       |       |   116 |    95 ||   211
       Spear             |       |       |       |     6 ||     6
 Fire: Shortbow          |       |       |       |    28 ||    28
Throw: Stone             |       |       |       |     1 ||     1
 Cast: Magic Dart        |    54 |    70 |   112 |    28 ||   264
       Mephitic Cloud    |       |     1 |    18 |    25 ||    44
       Slow              |       |       |    11 |    20 ||    31
       Regeneration      |       |       |     3 |    10 ||    13
Invok: Divine Energy     |       |       |       |     2 ||     2
       Stop Divine Energ |       |       |       |     1 ||     1
 Abil: Dig               |       |     4 |    14 |     3 ||    21
Evoke: Wand              |       |    11 |    30 |       ||    41
  Use: Scroll            |       |       |     3 |       ||     3
       Potion            |       |       |       |     3 ||     3
 Stab: Paralysed         |       |       |    10 |       ||    10
       Confused          |       |       |     2 |    11 ||    13
  Eat: Chunk             |     2 |     7 |    15 |     8 ||    32
       Ration            |       |     1 |       |       ||     1
Armor: Robe              |     2 |       |       |       ||     2
       Ring mail         |    27 |    71 |    62 |       ||   160
       Leather armour    |       |       |    62 |    41 ||   103
Dodge: Dodged            |    44 |    65 |   192 |   110 ||   411
